Map: Piliers d'or EC

Players

ShaDoWn

  • Race: Protoss Protoss
  • Spawn Location: 7:00

ArT - Winner!

  • Race: Protoss Protoss
  • Spawn Location: 1:00

Event: DreamHack SC2 Masters 2020 Winter

VOD

Have the link to the VOD?

Description

Time

  • Played on: Oct. 16, 2020, 2:40 p.m.
  • Length: 9:21

All games in this series

Show
View Real Time Build Order
Export as new Build Order

ShaDoWn Protoss 

Build Orders:  

Get SALT Encoding   

  12  0:00  Probe  
  13  0:12  Probe  
  14  0:18  Pylon  
  14  0:24  Probe  
  15  0:36  Probe (Chrono Boost)  
  15  0:39  Gateway  
  16  0:48  Assimilator, Probe (Chrono Boost)  
  17  0:53  Probe (Chrono Boost)  
  18  0:57  Assimilator  
  18  1:03  Probe (Chrono Boost)  
  19  1:13  Probe (Chrono Boost)  
  19  1:14  Gateway  
  19  1:18  Probe (Chrono Boost)  
  21  1:27  Cybernetics Core  
  21  1:31  Probe  
  22  1:38  Pylon  
  22  1:43  Probe  
  23  1:56  Probe  
  23  2:01  Warp Gate (Chrono Boost)  
  24  2:03  Stalker x2  
  28  2:14  Probe  
  28  2:15  Pylon  
  29  2:38  Sentry  
  30  2:46  Nexus  
  30  2:48  Probe  
  33  2:51  Sentry  
  33  3:00  Probe  
  33  3:04  Twilight Council  
  34  3:12  Probe  
  35  3:18  Pylon  
  35  3:24  Probe  
  35  3:26  Forge  
  31  3:36  Probe  
  31  3:48  Probe (Chrono Boost)  
  31  3:59  Probe (Chrono Boost)  
  31  4:00  Probe (Chrono Boost)  
  33  4:08  Stalker, Probe (Chrono Boost)  
  36  4:11  Probe (Chrono Boost)  
  38  4:18  Probe (Chrono Boost)  
  38  4:22  Probe (Chrono Boost)  
  39  4:29  Blink (Chrono Boost)  
  39  4:30  Probe (Chrono Boost)  
  39  4:31  Probe (Chrono Boost)  
  41  4:36  Probe  
  42  4:40  Probe  
  43  4:46  Protoss Ground Weapons Level 1 (Chrono Boost)  
  43  4:48  Probe  
  45  4:53  Probe (Chrono Boost)  
  45  4:57  Robotics Facility  
  45  5:00  Probe (Chrono Boost)  
  45  5:04  Stalker  
  49  5:10  Assimilator, Probe x2 (Chrono Boost)  
  50  5:15  Probe (Chrono Boost)  
  50  5:16  Probe (Chrono Boost)  
  52  5:26  Probe  
  54  5:28  Probe  
  54  5:36  Nexus  
  54  5:38  Pylon  
  56  5:48  Gateway, Observer  
  55  5:53  Gateway  
  55  5:55  Stalker  
  55  5:56  Stalker  
  59  5:58  Probe x2  
  61  6:07  Immortal (Chrono Boost)  
  61  6:10  Shield Battery  
  65  6:18  Pylon  
  65  6:19  Stalker x2  
  65  6:23  Probe  
  70  6:31  Charge  
  70  6:36  Probe x2  
  72  6:43  Stalker x2  
  76  6:48  Probe x2  
  76  6:49  Probe  
  79  6:54  Stalker  
  79  6:55  Stalker  
  79  7:00  Probe x2  
  86  7:04  Probe  
  86  7:08  Stalker x2  
  86  7:11  Pylon  
  90  7:17  Stalker  
  92  7:24  Gateway x2, Probe  
  92  7:29  Probe  
  94  7:36  Stalker x3  
  100  7:41  Pylon  
  90  7:53  Cybernetics Core  
  90  7:57  Zealot  
  77  8:06  Zealot  
  77  8:07  Immortal (Chrono Boost)  
  77  8:12  Probe  
  70  8:16  Pylon  
  70  8:17  Zealot  
  70  8:19  Pylon, Probe  
  57  8:22  Zealot x2  
  57  8:26  Probe  
  57  8:27  Probe  
  56  8:32  Zealot, Immortal (Chrono Boost)  
  55  8:38  Zealot  
  55  8:42  Stalker  
  55  8:43  Stalker  
  55  8:44  Probe  
  55  8:45  Probe  
  53  8:52  Stalker  
  50  9:00  Zealot x3  
  51  9:07  Zealot  
  47  9:12  Stalker  
  47  9:15  Stalker  
Show
View Real Time Build Order
Export as new Build Order

ArT Protoss - Winner!

Build Orders: Oracle Opening 

Get SALT Encoding   

  12  0:00  Probe  
  13  0:12  Probe  
  14  0:18  Pylon  
  14  0:24  Probe (Chrono Boost)  
  15  0:36  Probe (Chrono Boost)  
  15  0:38  Gateway  
  16  0:44  Probe (Chrono Boost)  
  16  0:47  Assimilator  
  17  0:51  Probe  
  17  0:56  Assimilator  
  18  1:03  Probe  
  19  1:15  Probe  
  20  1:25  Cybernetics Core  
  20  1:27  Probe  
  20  1:29  Pylon  
  21  1:35  Pylon  
  21  1:40  Probe  
  22  1:52  Probe  
  23  1:58  Stalker (Chrono Boost)  
  23  2:02  Warp Gate  
  26  2:11  Stargate  
  26  2:14  Probe  
  26  2:24  Stalker  
  27  2:45  Probe  
  27  2:51  Shield Battery  
  28  2:52  Oracle (Chrono Boost)  
  31  3:13  Nexus  
  31  3:22  Gateway  
  31  3:31  Probe (Chrono Boost)  
  32  3:43  Twilight Council, Probe (Chrono Boost)  
  33  3:50  Probe (Chrono Boost)  
  33  3:52  Sentry  
  36  3:57  Pylon  
  36  3:58  Probe  
  37  4:10  Probe (Chrono Boost)  
  37  4:12  Forge  
  38  4:19  Blink  
  39  4:24  Probe (Chrono Boost)  
  39  4:28  Probe (Chrono Boost)  
  40  4:34  Sentry  
  40  4:35  Probe (Chrono Boost)  
  40  4:36  Probe (Chrono Boost)  
  44  4:40  Protoss Ground Weapons Level 1 (Chrono Boost)  
  44  4:41  Probe (Chrono Boost)  
  44  4:42  Probe  
  46  4:53  Probe  
  46  4:54  Probe  
  46  4:58  Gateway  
  48  5:05  Pylon, Probe  
  49  5:08  Probe  
  49  5:12  Robotics Facility  
  49  5:14  Stalker, Sentry  
  52  5:17  Probe  
  55  5:23  Assimilator  
  55  5:24  Probe  
  56  5:29  Probe  
  56  5:31  Pylon  
  57  5:37  Probe  
  57  5:42  Nexus  
  58  5:48  Pylon  
  58  5:51  Probe x2  
  60  5:59  Gateway, Observer  
  60  6:03  Gateway  
  61  6:09  Gateway  
  61  6:13  Stalker x2  
  61  6:17  Stalker  
  67  6:24  Warp Prism (Chrono Boost)  
  69  6:33  Protoss Ground Weapons Level 2 (Chrono Boost)  
  69  6:34  Probe x2  
  71  6:40  Stalker x2  
  71  6:45  Stalker  
  77  6:53  Probe x2  
  79  6:55  Stalker  
  79  6:56  Observer  
  79  7:00  Stalker  
  84  7:09  Stalker x2  
  84  7:11  Probe  
  84  7:12  Probe x2  
  91  7:20  Pylon  
  91  7:24  Probe  
  92  7:35  Stalker x3  
  98  7:38  Stalker x2  
  102  7:46  Stalker  
  102  7:47  Probe  
  103  7:58  Stalker x2  
  97  7:59  Probe  
  97  8:02  Probe  
  97  8:04  Assimilator, Probe  
  97  8:05  Stalker  
  86  8:14  Stalker x2  
  86  8:15  Probe  
  83  8:22  Stalker  
  83  8:26  Stalker  
  83  8:27  Probe x2  
  83  8:28  Probe  
  83  8:29  Zealot  
  83  8:30  Assimilator  
  86  8:39  Zealot  
  86  8:40  Stalker  
  82  8:42  Stalker  
  82  8:43  Probe x2  
  82  8:46  Probe  
  83  8:52  Stalker x3  
  83  8:55  Probe  
  90  8:56  Probe  
  90  8:59  Probe  
  89  9:03  Stalker x2, Gateway  
  89  9:08  Stalker  
  91  9:17  Assimilator, Stalker x3  
Tags
 
Add a new tag
Caveats
  • Supply blocks, unpowered buildings, or Contaminate may cause inaccurate times.
  • Supply counts are checked every 10 seconds.